 Dungeon Crawl Stone Soup version 0.20-a0-945-g3bf614a (webtiles) character file.

530 M4edhros the Insei (level 7, 0/41 HPs)
             Began as an Octopode Necromancer on Apr 1, 2017.
             Was a Believer of Nemelex Xobeh.
             Slain by a gnoll
             ... wielding a +0 halberd
              (18 damage)
             ... in a bailey.
             The game lasted 00:06:17 (1246 turns).

M4edhros the Insei (Octopode Necromancer)           Turns: 1246, Time: 00:06:17

Health: 0/41       AC:  1    Str:  6    XL:     7   Next: 24%
Magic:  5/10       EV: 13    Int: 17    God:    Nemelex Xobeh [**....]
Gold:   121        SH:  4    Dex: 14    Spells: 5/10 levels left

rFire    . . .     SeeInvis .     - Unarmed
rCold    . . .     Gourm    .   (no shield)
rNeg     . . .     Faith    .   (helmet restricted)
rPois    +         Spirit   .   (no amulet)
rElec    .         Reflect  .   (no ring)
rCorr    .         Harm     .   (no ring)
MR       .....                  (no ring)
Stlth    +++.......             (no ring)
Regen    0.2/turn               (no ring)
MPRegen  0.2/turn               (no ring)
                                (no ring)
                                (no ring)

@: no status effects
A: almost no armour, stealthy swim, amphibious, 8 rings, constrict 8, large bone
plates 1, camouflage 1, poison resistance, weak 1, gelatinous body 1
a: Renounce Religion


You were in a bailey.
You worshipped Nemelex Xobeh.
Nemelex Xobeh was pleased with you.
You were hungry.

You visited 1 branch of the dungeon, and saw 7 of its levels.
You also visited: Bailey.

You collected 121 gold pieces.

Inventory:

Hand Weapons
 h - a cursed +0 blowgun
 j - a +0 glaive
Missiles
 d - 3 curare-tipped needles
 i - 6 poisoned needles
Wands
 c - a wand of digging (14/24)
 l - a wand of digging (20/24)
Scrolls
 e - 2 scrolls of identify {unknown}
 g - a scroll of holy word {unknown}
Potions
 m - a potion of berserk rage {unknown}
Books
 a - a book of Necromancy

   Spells                             Type                      Level
   a - Pain                           Necromancy                   1
   b - Animate Skeleton               Necromancy                   1
   c - Vampiric Draining              Necromancy                   3
   d - Regeneration                   Charms/Necromancy            3
   e - Animate Dead                   Necromancy                   4
   f - Control Undead                 Necromancy                   4
Miscellaneous
 f - an ornate deck of summoning {drawn: 4}
Comestibles
 b - 2 bread rations
 k - 5 chunks of flesh


   Skills:
 - Level 2.0 Dodging
 - Level 2.6 Stealth
 + Level 7.3 Unarmed Combat
 - Level 2.0 Spellcasting
 - Level 4.0 Necromancy


You had 5 spell levels left.
You knew the following spells:

 Your Spells              Type           Power        Failure   Level  Hunger
a - Pain                  Necr           ###.         3%          1    #......
b - Regeneration          Chrm/Necr      #.........   24%         3    ###....
c - Animate Skeleton      Necr           N/A          3%          1    #......


Dungeon Overview and Level Annotations

Branches:
Dungeon (7/15)
 Temple: D:4-7

Altars:
Nemelex Xobeh


Innate Abilities, Weirdness & Mutations

You cannot wear most types of armour.
You are very stealthy in the water. (Stealth+)
You are amphibious.
You can wear up to eight rings at the same time.
You can use your tentacles to constrict eight enemies at once.
Your skin changes colour to match your surroundings (Stealth+).
Your rubbery body absorbs attacks. (AC +1, EV +1)
You are partially covered in large bone plates. (SH +4)
Your system is resistant to poisons. (rPois)
You are weak. (Str -2)


Message History

You constrict the gnoll, but do no damage.
Your gnoll skeleton hits the gnoll but does no damage.
You tentacle-slap the gnoll but do no damage.
The gnoll is moderately wounded.
You constrict the gnoll. The gnoll hits you with a halberd!
Your gnoll skeleton hits the gnoll from afar with a spear.
You are too injured to fight recklessly!
You tentacle-slap the gnoll but do no damage.
The gnoll is heavily wounded.
You constrict the gnoll, but do no damage.
The gnoll closely misses you.
You tentacle-slap the gnoll.
The gnoll is almost dead.
You constrict the gnoll, but do no damage.
Your gnoll skeleton hits the gnoll but does no damage.
You tentacle-slap the gnoll but do no damage.
The gnoll is almost dead.
You constrict the gnoll. The gnoll hits you with a halberd!!
You die...
Your body disappears without a glow.

#..≈..
#..≈..♣
#..≈..♣♣
#..≈...♣♣
+.......♣♣♣#
+......∩..∩#
+.....(.♣♣♣#
#.g≈...♣♣
#@.≈...♣
#.Z≈...♣
#..≈..♣♣
#%.≈.♣♣
###..≈.♣
######..%≈≈♣♣
≈≈≈≈≈≈≈≈≈≈♣♣
♣♣♣♣♣♣♣♣♣♣♣


You could see a gnoll and a friendly gnoll skeleton.

Vanquished Creatures
  An ice beast (D:6)
  A crimson imp (D:5)
  3 hounds
  2 worker ants
  A hound zombie (D:5)
  A gnoll (Bailey)
  4 adders
  A dart slug (D:1)
  2 leopard geckos
  An orc (D:6)
  A giant cockroach (D:1)
  A quokka (D:6)
  A frilled lizard (D:1)
  4 goblins (D:7)
  18 kobolds
  2 rats
  3 plants (D:5)
47 creatures vanquished.

Vanquished Creatures (collateral kills)
  A sky beast (D:6)
  An ogre (D:7)
  A big kobold (D:5)
  Blork the orc (D:5)
  A bullfrog zombie (D:5)
  4 kobolds (D:5)
9 creatures vanquished.

Grand Total: 56 creatures vanquished

Notes
Turn   | Place    | Note
-------+----------+-------------------------------------------
     0 | D:1      | M4edhros the Octopode Necromancer began the quest for the Orb.
     0 | D:1      | Reached XP level 1. HP: 11/11 MP: 3/3
   118 | D:1      | Reached skill level 1 in Unarmed Combat
   266 | D:2      | Found a faded altar of an unknown god.
   270 | D:2      | Reached XP level 2. HP: 15/17 MP: 3/5
   279 | D:2      | Became a worshipper of Nemelex Xobeh the Trickster
   279 | D:2      | Received a gift from Nemelex Xobeh
   279 | D:2      | Reached * piety under Nemelex Xobeh
   299 | D:2      | Reached skill level 2 in Unarmed Combat
   401 | D:4      | Reached XP level 3. HP: 6/21 MP: 1/6
   406 | D:4      | Learned a level 3 spell: Regeneration
   481 | D:5      | Entered Level 5 of the Dungeon
   494 | D:5      | Reached skill level 3 in Unarmed Combat
   627 | D:5      | Noticed a big kobold
   666 | D:5      | Killed a big kobold
   666 | D:5      | Reached XP level 4. HP: 11/27 MP: 7/7
   667 | D:5      | Reached skill level 4 in Unarmed Combat
   740 | D:5      | Reached ** piety under Nemelex Xobeh
   776 | D:5      | Reached XP level 5. HP: 22/31 MP: 8/8
   779 | D:5      | Noticed Blork the orc
   783 | D:5      | Learned a level 1 spell: Animate Skeleton
   789 | D:5      | Killed Blork the orc
   811 | D:5      | Reached skill level 5 in Unarmed Combat
   830 | D:5      | Reached XP level 6. HP: 19/36 MP: 9/9
   901 | D:6      | Noticed a phantom
   911 | D:6      | Noticed an ice beast
   979 | D:6      | Killed an ice beast
   979 | D:6      | Reached skill level 6 in Unarmed Combat
  1018 | D:6      | Noticed a sky beast
  1027 | D:6      | Killed a sky beast
  1031 | D:6      | Gained mutation: You are weak. (Str -2) [mutagenic meat]
  1032 | D:6      | Gained mutation: Your system is resistant to poisons. (rPois) [mutagenic meat]
  1033 | D:6      | Gained mutation: You are partially covered in large bone plates. (SH +4) [mutagenic meat]
  1080 | D:7      | Reached skill level 7 in Unarmed Combat
  1080 | D:7      | Reached XP level 7. HP: 16/41 MP: 4/10
  1092 | D:7      | Found a flagged portal.
  1194 | Bailey   | Entered a bailey
  1246 | Bailey   | Slain by a gnoll

Vault maps used:
D:1:      matt_arrival_spirals
D:2:      kennysheep_goblin_castle, nicolae_qazlal_eye_of_the_storm,
          first_bread, chequers_ecumenical_altar_simple, minivault_27,
          hangedman_decor_diamond_cutter
D:3:      kb_xom_exploding_sheep, uniq_terence
D:4:      nicolae_tso_besieged_by_evil, grunt_dithmenos_smoke
D:5:      kennysheep_kobold_camp, gup_sewer_entry_pipe, minmay_misc_feat_square,
          uniq_blork_the_orc
D:6:      lemuel_crystal_altar, lemuel_tele_altar, uniq_duvessa
D:7:      minmay_temple_entry_statues_fountains, enter_bailey_3
Bailey:   bailey_polearm_gnolls_kennysheep, bailey

Skill      XL: |  1  2  3  4  5  6 |
---------------+-------------------+-----
Unarmed Combat | 1 2 3 4 5 7 |  7.3
Dodging        | |  2.0
Stealth        | |  2.6
Spellcasting   | |  2.0
Necromancy     | |  4.0

Action                   |  1- 3 |  4- 6 |  7- 9 || total
-------------------------+-------+-------+-------++-------
Melee: Unarmed           |   128 |    68 |    24 ||   220
       Constrict         |    16 |    16 |     7 ||    39
       Tentacles         |    34 |    13 |     3 ||    50
       Punch             |     5 |     4 |     3 ||    12
 Cast: Pain              |    14 |     4 |       ||    18
       Regeneration      |       |     8 |     5 ||    13
       Animate Skeleton  |       |     2 |     3 ||     5
Evoke: Deck              |     1 |     3 |       ||     4
  Use: Potion            |     1 |     2 |       ||     3
 Stab: Sleeping          |     2 |     2 |       ||     4
       Distracted        |       |     1 |       ||     1
       Petrified         |       |     5 |       ||     5
       Petrifying        |       |     1 |       ||     1
  Eat: Chunk             |       |     5 |     1 ||     6
Armor: Skin              |       |     4 |     2 ||     6
Dodge: Dodged            |    23 |    40 |    17 ||    80
Block: Other             |       |       |     6 ||     6
